chillo, lawful female human Valkyrie ----- |...-------- -- --- ---..).%@g.@.........- |....-------- - .| --.---- - --..| -- |...--.---- --........-- |..(......| ---------|...---- -- ........|..-- -.....| --..-.| -....| |...|.| --. |.| -- |<| |... |..- ---- chillo the Fighter Experience level: 7 Strength: 16 Dexterity: 15 Constitution: 18 Intelligence: 11 Wisdom: 9 Charisma: 9 Health: 0(66) Energy: 14(14) Def: 11 Gold: 224 Moves: 5086 Dungeon seed: dENHGVvtJGiGhYTd Game ID: chillo_1478683870 Your Inventory: Coins $ - 224 gold pieces Weapons a - the blessed rustproof +1 Excalibur (weapon in hand) b - a +0 dagger g - a +0 silver saber i - 6 +0 arrows m - a -1 crossbow (alternate weapon; not wielded) t - 7 cursed -1 arrows G - 13 +0 crossbow bolts O - a cursed -1 guisarme Armor e - an uncursed +3 small shield (being worn) n - an uncursed +0 orcish helm (being worn) q - an uncursed +0 helmet r - a blessed +2 leather armor s - an uncursed +0 pair of iron shoes (being worn) N - an uncursed +0 dwarvish cloak (being worn) Y - an uncursed +0 scale mail (being worn) Comestibles L - 2 uncursed tripe rations Scrolls A - 2 uncursed scrolls of blank paper B - a blessed scroll of blank paper C - a cursed scroll of blank paper D - a blessed scroll of fire F - a blessed scroll of create monster Spellbooks w - an uncursed spellbook of jumping Potions h - an uncursed potion of healing Wands E - a wand of create monster (0:11) H - a wand of digging (0:4) J - a wand of make invisible (0:5) P - a wand of slow monster (0:8) Tools f - a bag of tricks (0:15) o - an uncursed skeleton key p - 7 uncursed tallow candles (0:200) u - an uncursed skeleton key I - an uncursed magic lamp K - a cursed tallow candle (0:200) M - an uncursed oil lamp (0:1078) Spells and supernatural/magical abilities: Name Level Category Fail Memory j - jumping 1 escape 100% 93% W - pray for help -- divine ? -- Your skills at the end: Fighting Skills Weapon Skills dagger [Basic] long sword [Basic] Spellcasting Skills Final Attributes: You were devoutly aligned. You were cold resistant. You were poison resistant. You were level-drain resistant. You had automatic searching. You were stealthy. You were fast. You were unlucky. You are dead. Vanquished creatures: a small mimic a watchman a gnome king a raven an imp a water nymph 2 rock piercers 2 yellow lights 2 shriekers a violet fungus 6 gnome lords 5 gnomish wizards a golden naga hatchling a paper golem a baby crocodile a floating eye a kitten 6 dwarves 2 kobold shamans a rabid rat 4 orc zombies an acid blob a hobbit 4 cave spiders a brown mold 2 yellow molds a red mold 30 gnomes 2 geckos 2 jackals 4 foxes 2 kobolds 2 goblins a bat 5 lichens a kobold zombie 7 newts 108 creatures vanquished. Voluntary challenges: You used a wielded weapon 132 times, starting on turn 55. You read items or engraved 4 times, starting on turn 1708. You never genocided any monsters. You never polymorphed an object. You never changed form. You used no wishes. You never split a pudding. You never wrote Elbereth's name. You violated your moral code, losing 42 points of alignment, starting on turn 3142. Dungeon overview: The Dungeons of Doom: levels 1 to 4 Level 1 some fountains a long staircase Level 2 Level 3 Level 4 stairs to The Gnomish Mines The Gnomish Mines: levels 5 to 9 Level 5 stairs to The Dungeons of Doom Level 6 Level 7 Level 8 many shops, a temple to Tyr Level 9 <- You were here History has recorded: On T:1 you entered the Dungeons of Doom to retrieve the Amulet of Yendor! On T:368 you reached level 2 of The Dungeons of Doom. On T:585 you reached level 3 of The Dungeons of Doom. On T:785 you advanced to experience level 2. On T:1224 you advanced to experience level 3. On T:1628 you reached level 4 of The Dungeons of Doom. On T:2438 you advanced to experience level 4. On T:2710 you reached level 1 of The Gnomish Mines. On T:2884 you advanced to experience level 5. On T:3102 you reached level 2 of The Gnomish Mines. On T:3593 you reached level 3 of The Gnomish Mines. On T:4077 you advanced to experience level 6. On T:4536 you reached level 4 of The Gnomish Mines. On T:4712 you advanced to experience level 7. On T:5046 you reached level 5 of The Gnomish Mines. Score breakdown: Gold: 224 ( 8001 points) Experience: 7 levels (13645 points) Exploration: 9 levels ( 18.37%) (12247 points) Discoveries: 6 items ( 2.45%) ( 4694 points) Valuables value: (no points given unless you survive) Artifact value: 4000 (12253 points) Variety of kills: 37 monsters ( 9.71%) ( 9348 points) Turncount: 5086 turns (-1379 points) Survival: died (score multiplied by 80%) Total score: 47047 Latest messages: You fall down the stairs. You kill the gnome! You have a little trouble lifting P - a runed wand. There are a few more objects here. Never mind. You hit the gnome lord! You kill the gnome lord! There are a few objects here. You have a little trouble lifting G - 10 crossbow bolts. There are a few objects here. (4x) You kill the gnome! You see here a gnome corpse. You kill the gnome! You see here a wax candle. The gargoyle hits! (2x) The gargoyle misses. You hit the gargoyle! The gargoyle hits! You die... Final status: Farvel chillo the Valkyrie, killed by a gargoyle... You died in The Gnomish Mines on dungeon level 9 with 47047 points, and 224 pieces of gold, after 5086 moves. You were level 7 with a maximum of 66 hit points when you died.